Roadrunners vs Senators

Created - Friday, February 7, 2025 at 21:37

Goals
1 2 3 T
Roadrunners 2 3 1 6
Senators 3 0 0 3
Shots
1 2 3 T
Roadrunners 9 9 8 26
Senators 19 12 11 42

1st period

1. Senators , Cal O'Reilly 7 (Tyler Spezia 11, Milan Lucic 9) at 3:16
2. Senators , Peter Abbandonato 25 (Cameron Hebig 21, Givani Smith 31) at 6:15 (PP)
3. Roadrunners , Oskar Steen 22 (Matthew Maggio 17, Clark Bishop 29) at 8:01 (PP)
4. Senators , Gerry Mayhew 23 (Graeme Clarke 47, Logan Day 14) at 8:40
5. Roadrunners , Roman Ahcan 15 (Dmitri Samorukov 12, Jack Ahcan 24) at 18:43

Penalties :
Dylan Coghlan (TUS) for High sticking (Minor) at 0:36, Dylan Coghlan (TUS) for Tripping (Minor) at 5:05, Cameron Hebig (BEL) for Tripping (Minor) at 6:58, William Villeneuve (BEL) for Slashing (Minor) at 9:13, Gavin White (TUS) for Cross-checking (Minor) at 12:34, Mathieu Olivier (BEL) for Fighting (Major) at 15:56, Hunter Drew (TUS) for Fighting (Major) at 15:56, Jack Ahcan (TUS) for Hooking (Minor) at 16:34, Dmitri Samorukov (TUS) for Interference (Minor) at 19:52

2nd period

6. Roadrunners , Dylan Coghlan 20 (Oskar Steen 29, Clark Bishop 30) at 3:37 (PP)
7. Roadrunners , Matthew Maggio 17 (Clark Bishop 31, Oskar Steen 30) at 15:55 (PP)
8. Roadrunners , Oskar Steen 23 (Jack Ahcan 25, Matthew Maggio 18) at 17:22 (PP)

Penalties :
Tye Felhaber (BEL) for Cross-checking (Minor) at 2:43, Hunter Drew (TUS) for High sticking (Minor) at 5:48, Riley Stillman (BEL) for Hooking (Minor) at 14:15, Cal O'Reilly (BEL) for Roughing (Minor) at 16:37

3rd period

9. Roadrunners , Roman Ahcan 16 (Hunter Drew 16, Maksymilian Szuber 10) at 1:58

Penalties :
Tye Felhaber (BEL) for Cross-checking (Minor) at 4:09, Milan Lucic (BEL) for Fighting (Major) at 10:06, Hunter Drew (TUS) for Fighting (Major) at 10:06, Mathieu Olivier (BEL) for Interference (Minor) at 16:38

Goalie Stats

Brandon Halverson (TUS), 39 saves from 42 shots - (0.929), W, 7-3-2, 60:00 minutes
Alexei Kolosov (BEL), 13 saves from 18 shots - (0.722), L, 28-11-3, 37:22 minutes
Pavel Cajan (BEL), 7 saves from 8 shots - (0.875), 22:38 minutes

Players Stats for Roadrunners

Player Name              G  A  P  +/- PIM S  H  SB GA TA FO     MP     PP MP  PK MP  
------------------------------------------------------------------------------------
Clark Bishop             0  3  3  -1  0   1  2  0  0  0  0/0    16:37   4:58   0:00 
Dmitri Samorukov         0  1  1   0  2   1  2  2  0  0  0/0    21:12   5:12   4:14 
Dylan Coghlan            1  0  1   0  4   4  2  1  0  0  0/0    21:39   5:07   3:11 
Gavin White              0  0  0   0  2   0  3  0  0  0  0/0    15:40   0:00   2:43 
Hunter Drew              0  1  1   1  12  0  2  0  0  0  0/0    13:54   0:00   0:42 
Jack Ahcan               0  2  2   0  2   2  3  5  0  0  0/0    21:41   5:12   4:17 
Jared Davidson           0  0  0   0  0   0  2  0  0  0  5/10    8:24   0:00   0:30 
Jeff Malott              0  0  0  -1  0   2  2  0  0  0  8/19   24:12   5:21   5:41 
Joona Koppanen           0  0  0   2  0   1  1  0  0  0  5/18   14:17   0:00   0:00 
Lane Pederson            0  0  0  -1  0   3  1  0  0  0  15/23  17:58   5:21   5:52 
Maksymilian Szuber       0  1  1   0  0   1  0  1  0  0  0/0    13:31   0:00   0:00 
Matthew Maggio           1  2  3  -1  0   2  3  0  0  0  0/0    16:37   4:58   0:00 
Max Ellis                0  0  0   0  0   0  0  1  0  0  1/1     7:22   0:00   0:00 
Oskar Steen              2  2  4  -1  0   3  1  1  0  0  4/19   20:17   4:58   3:40 
Philip Kemp              0  0  0   0  0   1  2  0  0  0  0/0    23:06   5:07   4:57 
Roman Ahcan              2  0  2   2  0   2  1  0  0  0  0/1    14:47   0:00   0:30 
Samuel Asselin           0  0  0   1  0   0  0  0  0  0  0/0     2:50   0:00   0:11 
Trey Fix-Wolansky        0  0  0  -1  0   3  0  3  0  0  2/6    15:46   5:21   3:40 

Players Stats for Senators

Player Name              G  A  P  +/- PIM S  H  SB GA TA FO     MP     PP MP  PK MP  
------------------------------------------------------------------------------------
Cal O'Reilly             1  0  1   0  2   2  1  0  0  0  9/10   12:18   0:00   2:32 
Cameron Hebig            0  1  1   0  2   4  0  0  0  0  2/2    15:36   4:31   0:49 
Dakota Mermis            0  0  0   0  0   2  1  0  0  0  0/0    20:44   5:12   2:25 
Gerry Mayhew             1  0  1   0  0   3  1  0  0  0  0/0    17:30   5:07   0:00 
Givani Smith             0  1  1   0  0   6  3  0  0  0  2/3    13:55   4:55   0:00 
Graeme Clarke            0  1  1   0  0   2  2  0  0  0  11/16  17:04   5:31   0:58 
Greg McKegg              0  0  0   0  0   1  1  1  0  0  9/18   16:52   1:03   6:49 
Jon Merrill              0  0  0   0  0   5  1  3  0  0  0/0    18:42   4:31   0:22 
Logan Day                0  1  1   0  0   0  2  1  0  0  0/0    18:06   0:00   4:58 
Mathieu Olivier          0  0  0   0  7   5  6  0  0  0  0/2    18:58   4:04   5:19 
Milan Lucic              0  1  1   0  5   1  0  0  0  0  0/0    10:46   0:00   2:41 
Peter Abbandonato        1  0  1   0  0   4  0  0  0  0  9/18   13:55   4:55   0:00 
Riley Stillman           0  0  0   0  2   0  3  2  0  0  0/0    17:30   0:00   4:07 
Roland McKeown           0  0  0   0  0   0  1  1  0  0  0/0    18:18   0:00   4:54 
Seth Griffith            0  0  0   0  0   2  2  0  0  0  15/25  15:57   5:07   0:00 
Tye Felhaber             0  0  0   0  4   1  2  0  0  0  0/1    16:58   4:55   1:30 
Tyler Spezia             0  1  1   0  0   3  0  0  0  0  0/2     9:47   0:00   0:00 
William Villeneuve       0  0  0   0  2   1  0  1  0  0  0/0    16:36   0:19   3:52 

3 Stars

1 - Oskar Steen (TUS)
2 - Roman Ahcan (TUS)
3 - Matthew Maggio (TUS)

Power Play

Roadrunners - 4 on 7 Attempt(s) - 57.14%
Senators - 1 on 6 Attempt(s) - 16.67%

Penalty Kill

Roadrunners - 5 on 6 Attempt(s) - 83.33% - Score 0 goal in Penalty Kill
Senators - 3 on 7 Attempt(s) - 42.86% - Score 0 goal in Penalty Kill

Team Stat

Roadrunners - Hits : 27 - Faceoff Wins : 40 - Blocked Shots : 14 - Penalty Minutes : 22
Senators - Hits : 26 - Faceoff Wins : 57 - Blocked Shots : 9 - Penalty Minutes : 24

Official

Referees : Reid Anderson and Jake Brenk
Linesman : Kiel Murchison and Mark Shewchyk

Game Notes

Mathieu Olivier beats up Hunter Drew at 15:56 of 1st period
Pavel Cajan enters game at 17:22 of 2nd period
Milan Lucic beats up Hunter Drew at 10:06 of 3rd period

Finance

Level 1 -- Attendance: 2000 (100.00%) -- Ticket Income $70,000
Level 2 -- Attendance: 906 (90.60%) -- Ticket Income $13,590
Total Attendance: 2906 (96.87%)
Total Ticket Income: $83,590
Other Income: $40,959
Total Income: $124,549

Roadrunners

5 vs 5 Forward 
   Center                   Left Wing                Right Wing               Time % Phy DF OF 
 1 Lane Pederson            Jeff Malott              Trey Fix-Wolansky        25     1   2  2  
 2 Oskar Steen              Clark Bishop             Matthew Maggio           25     1   2  2  
 3 Joona Koppanen           Roman Ahcan              Hunter Drew              25     1   2  2  
 4 Jared Davidson           Jeff Malott              Max Ellis                25     1   2  2  

5 vs 5 Defense 
   Defense                  Defense                                           Time % Phy DF OF 
 1 Dylan Coghlan            Philip Kemp                                       25     1   2  2  
 2 Dmitri Samorukov         Jack Ahcan                                        25     1   2  2  
 3 Maksymilian Szuber       Gavin White                                       25     1   2  2  
 4 Dylan Coghlan            Philip Kemp                                       25     1   2  2  

PowerPlay Forward 
   Center                   Left Wing                Right Wing               Time % Phy DF OF 
 1 Lane Pederson            Jeff Malott              Trey Fix-Wolansky        60     1   2  2  
 2 Oskar Steen              Clark Bishop             Matthew Maggio           40     1   2  2  

PowerPlay Defense
   Defense                  Defense                                           Time % Phy DF OF 
 1 Dylan Coghlan            Philip Kemp                                       60     1   2  2  
 2 Dmitri Samorukov         Jack Ahcan                                        40     1   2  2  

Penalty Kill 4 Players Forward 
   Center                   Wing                     Time % Phy DF OF 
 1 Jeff Malott              Lane Pederson            60     1   2  2  
 2 Trey Fix-Wolansky        Oskar Steen              40     1   2  2  

Penalty Kill 4 Players Defense
   Defense                  Defense                  Time % Phy DF OF 
 1 Dylan Coghlan            Philip Kemp              60     1   2  2  
 2 Dmitri Samorukov         Jack Ahcan               40     1   2  2  

Penalty Kill - 3 Players Forward 
   Forward                                           Time % Phy DF OF 
 1 Jeff Malott                                       60     1   2  2  
 2 Lane Pederson                                     40     1   2  2  

Penalty Kill - 3 Players Defense
   Defense                  Defense                  Time % Phy DF OF 
 1 Dylan Coghlan            Philip Kemp              60     1   2  2  
 2 Dmitri Samorukov         Jack Ahcan               40     1   2  2  

4 vs 4 Forward 
   Center                   Wing                     Time % Phy DF OF 
 1 Jeff Malott              Lane Pederson            60     1   2  2  
 2 Trey Fix-Wolansky        Oskar Steen              40     1   2  2  

4 vs 4 Defense
   Defense                  Defense                  Time % Phy DF OF 
 1 Dylan Coghlan            Philip Kemp              60     1   2  2  
 2 Dmitri Samorukov         Jack Ahcan               40     1   2  2  

Last Minutes Offensive
   Center                   Left Wing                Right Wing               Defense                  Defense                  
   Lane Pederson            Jeff Malott              Trey Fix-Wolansky        Dylan Coghlan            Philip Kemp              

Last Minutes Defensive
   Center                   Left Wing                Right Wing               Defense                  Defense                  
   Lane Pederson            Jeff Malott              Trey Fix-Wolansky        Dylan Coghlan            Philip Kemp              

Goaltenders
Starting : Brandon Halverson        
Backup : Mads Sogaard             

Extra Forwards
Normal : Samuel Asselin, Joona Koppanen, Jared Davidson - PP : Samuel Asselin, Joona Koppanen - PK : Jared Davidson
Extra Defensemen
Normal : Maksymilian Szuber, Gavin White, Hunter Drew - PP : Maksymilian Szuber - PK : Gavin White, Hunter Drew
Penalty Shots
Jeff Malott, Lane Pederson, Trey Fix-Wolansky, Oskar Steen, Clark Bishop
Custom OT Lines Forwards
Jeff Malott, Lane Pederson, Trey Fix-Wolansky, Oskar Steen, Clark Bishop, Joona Koppanen, Matthew Maggio, Hunter Drew, Jared Davidson, Roman Ahcan
Custom OT Lines Defensemen
Dylan Coghlan, Philip Kemp, Dmitri Samorukov, Jack Ahcan, Maksymilian Szuber

Scratches
Ryker Evans (Healthy), Jakub Brabenec (Healthy), Daylan Kuefler (Healthy), Carl Berglund (Healthy), Wyatt Newpower (Healthy)

Senators

5 vs 5 Forward 
   Center                   Left Wing                Right Wing               Time % Phy DF OF 
 1 Seth Griffith            Cameron Hebig            Mathieu Olivier          30     0   1  4  
 2 Graeme Clarke            Tye Felhaber             Gerry Mayhew             27     0   1  4  
 3 Peter Abbandonato        Greg McKegg              Givani Smith             24     0   1  4  
 4 Cal O'Reilly             Tyler Spezia             Milan Lucic              19     0   1  4  

5 vs 5 Defense 
   Defense                  Defense                                           Time % Phy DF OF 
 1 William Villeneuve       Dakota Mermis                                     30     0   4  1  
 2 Logan Day                Jon Merrill                                       30     0   4  1  
 3 Roland McKeown           Riley Stillman                                    30     0   4  1  
 4 William Villeneuve       Dakota Mermis                                     10     0   4  1  

PowerPlay Forward 
   Center                   Left Wing                Right Wing               Time % Phy DF OF 
 1 Seth Griffith            Mathieu Olivier          Gerry Mayhew             60     0   0  5  
 2 Peter Abbandonato        Tye Felhaber             Givani Smith             40     0   0  5  

PowerPlay Defense
   Defense                  Defense                                           Time % Phy DF OF 
 1 Graeme Clarke            Dakota Mermis                                     60     0   1  4  
 2 Cameron Hebig            Jon Merrill                                       40     0   1  4  

Penalty Kill 4 Players Forward 
   Center                   Wing                     Time % Phy DF OF 
 1 Greg McKegg              Mathieu Olivier          60     0   4  1  
 2 Cal O'Reilly             Milan Lucic              40     0   4  1  

Penalty Kill 4 Players Defense
   Defense                  Defense                  Time % Phy DF OF 
 1 William Villeneuve       Logan Day                60     0   5  0  
 2 Riley Stillman           Roland McKeown           40     0   5  0  

Penalty Kill - 3 Players Forward 
   Forward                                           Time % Phy DF OF 
 1 Greg McKegg                                       60     0   5  0  
 2 Cal O'Reilly                                      40     0   5  0  

Penalty Kill - 3 Players Defense
   Defense                  Defense                  Time % Phy DF OF 
 1 William Villeneuve       Logan Day                60     0   5  0  
 2 Riley Stillman           Roland McKeown           40     0   5  0  

4 vs 4 Forward 
   Center                   Wing                     Time % Phy DF OF 
 1 Seth Griffith            Gerry Mayhew             60     0   0  5  
 2 Peter Abbandonato        Givani Smith             40     0   0  5  

4 vs 4 Defense
   Defense                  Defense                  Time % Phy DF OF 
 1 Graeme Clarke            Dakota Mermis            60     0   1  4  
 2 Cameron Hebig            Jon Merrill              40     0   1  4  

Last Minutes Offensive
   Center                   Left Wing                Right Wing               Defense                  Defense                  
   Seth Griffith            Mathieu Olivier          Gerry Mayhew             Graeme Clarke            Dakota Mermis            

Last Minutes Defensive
   Center                   Left Wing                Right Wing               Defense                  Defense                  
   Cal O'Reilly             Greg McKegg              Mathieu Olivier          Dakota Mermis            William Villeneuve       

Goaltenders
Starting : Alexei Kolosov           
Backup : Pavel Cajan              

Extra Forwards
Normal : Seth Griffith, Gerry Mayhew, Graeme Clarke - PP : Seth Griffith, Graeme Clarke - PK : Mathieu Olivier
Extra Defensemen
Normal : Dakota Mermis, Jon Merrill, William Villeneuve - PP : Dakota Mermis - PK : Dakota Mermis, William Villeneuve
Penalty Shots
Gerry Mayhew, Seth Griffith, Graeme Clarke, Cameron Hebig, Mathieu Olivier
Custom OT Lines Forwards
Seth Griffith, Mathieu Olivier, Graeme Clarke, Givani Smith, Gerry Mayhew, Cameron Hebig, Peter Abbandonato, Greg McKegg, Cal O'Reilly, Milan Lucic
Custom OT Lines Defensemen
Dakota Mermis, Jon Merrill, William Villeneuve, Roland McKeown, Riley Stillman

Scratches
Paul LaDue (Healthy), Mike Benning (Healthy), Blake Hillman (Healthy), Alex Whelan (Healthy), Zach Jordan (Healthy)
Travis Barron (Healthy), Mark Pysyk (Healthy), Garrett Roe (Healthy), Josh Melnick (Healthy), Nikolas Brouillard (Healthy)
Lassi Thomson (Healthy)

% Time on Ice - Roadrunners

Lines # - Real PCT - Wanted PCT - Time Play
Normal Forward
1 - 17% - 25% - 6:45
2 - 29% - 25% - 11:39
3 - 36% - 25% - 14:17
4 - 18% - 25% - 6:58
Normal Defense
1 - 15% - 25% - 6:03
2 - 37% - 25% - 14:47
3 - 30% - 25% - 11:50
4 - 18% - 25% - 6:59
PP Forward
1 - 52% - 60% - 5:21
2 - 48% - 40% - 4:58
PP Defense
1 - 50% - 60% - 5:07
2 - 50% - 40% - 5:12
PK Forward
1 - 63% - 60% - 6:22
2 - 37% - 40% - 3:40
PK Defense
1 - 49% - 60% - 4:57
2 - 51% - 40% - 5:05
PK3 Forward
1 - 0% - 60%
2 - 0% - 40%
PK3 Defense
1 - 0% - 60%
2 - 0% - 40%
44 Forward
1 - 0% - 60%
2 - 0% - 40%
44 Defense
1 - 0% - 60%
2 - 0% - 40%
Last Minute Offensive  - 0:00
Last Minute Defensive  - 0:00
Total
Forward - 60:00
Defense - 60:00

% Time on Ice - Senators

Lines # - Real PCT - Wanted PCT - Time Play
Normal Forward
1 - 26% - 30% - 10:17
2 - 27% - 27% - 10:35
3 - 23% - 24% - 9:00
4 - 25% - 19% - 9:47
Normal Defense
1 - 32% - 30% - 12:31
2 - 33% - 30% - 13:08
3 - 34% - 30% - 13:24
4 - 2% - 10% - 0:36
PP Forward
1 - 51% - 60% - 5:07
2 - 49% - 40% - 4:55
PP Defense
1 - 55% - 60% - 5:31
2 - 45% - 40% - 4:31
PK Forward
1 - 74% - 60% - 7:38
2 - 26% - 40% - 2:41
PK Defense
1 - 53% - 60% - 5:25
2 - 47% - 40% - 4:54
PK3 Forward
1 - 0% - 60%
2 - 0% - 40%
PK3 Defense
1 - 0% - 60%
2 - 0% - 40%
44 Forward
1 - 0% - 60%
2 - 0% - 40%
44 Defense
1 - 0% - 60%
2 - 0% - 40%
Last Minute Offensive  - 0:00
Last Minute Defensive  - 0:00
Total
Forward - 60:00
Defense - 60:00

Play-by-Play

1st period


0:01 of 1st period - Lane Pederson wins face-off versus Seth Griffith in neutral zone.
0:01 of 1st period - Lane Pederson is hit by Mathieu Olivier.
0:09 of 1st period - Shot by Jeff Malott.
0:09 of 1st period - Deflect By Trey Fix-Wolansky.
0:09 of 1st period - Stopped by Alexei Kolosov with a rebound.
0:36 of 1st period - Minor Penalty to Dylan Coghlan for High sticking.
0:37 of 1st period - Jeff Malott wins face-off versus Peter Abbandonato in Roadrunners zone.
0:53 of 1st period - Icing by Peter Abbandonato.
0:54 of 1st period - Jeff Malott wins face-off versus Peter Abbandonato in Senators zone.
1:14 of 1st period - Shot by Peter Abbandonato.
1:14 of 1st period - Stopped by Brandon Halverson with a rebound.
2:11 of 1st period - Shot by Givani Smith.
2:11 of 1st period - Shot Blocked by Jack Ahcan.
2:18 of 1st period - Shot by William Villeneuve.
2:18 of 1st period - Stopped by Brandon Halverson without a rebound.
2:19 of 1st period - Seth Griffith wins face-off versus Jeff Malott in Roadrunners zone.
2:32 of 1st period - Shot by Jon Merrill.
2:32 of 1st period - Stopped by Brandon Halverson without a rebound.
2:33 of 1st period - Peter Abbandonato wins face-off versus Jeff Malott in Roadrunners zone.
2:38 of 1st period - Shot by Tyler Spezia.
2:38 of 1st period - Stopped by Brandon Halverson without a rebound.
2:39 of 1st period - Cal O'Reilly wins face-off versus Oskar Steen in Roadrunners zone.
2:39 of 1st period - Milan Lucic is hit by Jack Ahcan and loses puck.
3:14 of 1st period - Shot by Tyler Spezia.
3:14 of 1st period - Shot Blocked by Jack Ahcan.
3:16 of 1st period - Shot by Cal O'Reilly.
3:16 of 1st period - Goal by Cal O'Reilly - Roadrunners : 0 - Senators : 1.
3:17 of 1st period - Jared Davidson wins face-off versus Graeme Clarke in neutral zone.
3:44 of 1st period - Shot by Jeff Malott.
3:44 of 1st period - Shot Blocked by Jon Merrill.
3:50 of 1st period - Shot by Jeff Malott.
3:50 of 1st period - Stopped by Alexei Kolosov without a rebound.
3:51 of 1st period - Joona Koppanen wins face-off versus Peter Abbandonato in Senators zone.
4:00 of 1st period - Shot by Hunter Drew.
4:00 of 1st period - Shot Misses the Net.
4:57 of 1st period - Shot by Mathieu Olivier.
4:57 of 1st period - Shot Misses the Net.
4:59 of 1st period - Shot by Mathieu Olivier.
4:59 of 1st period - Shot Misses the Net.
5:01 of 1st period - Shot by Mathieu Olivier.
5:01 of 1st period - Shot Misses the Net.
5:03 of 1st period - Shot by Cameron Hebig.
5:03 of 1st period - Stopped by Brandon Halverson without a rebound.
5:04 of 1st period - Graeme Clarke wins face-off versus Jared Davidson in Roadrunners zone.
5:04 of 1st period - Graeme Clarke is hit by Philip Kemp.
5:05 of 1st period - Minor Penalty to Dylan Coghlan for Tripping.
5:06 of 1st period - Seth Griffith wins face-off versus Jeff Malott in Roadrunners zone.
5:07 of 1st period - Shot by Gerry Mayhew.
5:07 of 1st period - Stopped by Brandon Halverson without a rebound.
5:08 of 1st period - Seth Griffith wins face-off versus Jeff Malott in Roadrunners zone.
5:17 of 1st period - Shot by Cameron Hebig.
5:17 of 1st period - Stopped by Brandon Halverson without a rebound.
5:18 of 1st period - Jeff Malott wins face-off versus Seth Griffith in Roadrunners zone.
5:41 of 1st period - Shot by Seth Griffith.
5:41 of 1st period - Stopped by Brandon Halverson with a rebound.
5:43 of 1st period - Shot by Mathieu Olivier.
5:43 of 1st period - Stopped by Brandon Halverson without a rebound.
5:44 of 1st period - Givani Smith wins face-off versus Trey Fix-Wolansky in Roadrunners zone.
6:15 of 1st period - Shot by Peter Abbandonato.
6:15 of 1st period - Goal by Peter Abbandonato - Roadrunners : 0 - Senators : 2.
6:16 of 1st period - Cal O'Reilly wins face-off versus Joona Koppanen in neutral zone.
6:28 of 1st period - Shot by Cal O'Reilly.
6:28 of 1st period - Shot Misses the Net.
6:33 of 1st period - Icing by Dylan Coghlan.
6:34 of 1st period - Cameron Hebig wins face-off versus Joona Koppanen in Roadrunners zone.
6:58 of 1st period - Minor Penalty to Cameron Hebig for Tripping.
6:59 of 1st period - Greg McKegg wins face-off versus Lane Pederson in Senators zone.
7:30 of 1st period - Off-side.
7:31 of 1st period - Greg McKegg wins face-off versus Oskar Steen in neutral zone.
8:01 of 1st period - Shot by Matthew Maggio.
8:01 of 1st period - Deflect By Oskar Steen.
8:01 of 1st period - Goal by Oskar Steen - Roadrunners : 1 - Senators : 2.
8:02 of 1st period - Jared Davidson wins face-off versus Graeme Clarke in neutral zone.
8:04 of 1st period - Off-side.
8:05 of 1st period - Graeme Clarke wins face-off versus Lane Pederson in neutral zone.
8:18 of 1st period - Shot by Gerry Mayhew.
8:18 of 1st period - Shot Misses the Net.
8:38 of 1st period - Shot by Graeme Clarke.
8:38 of 1st period - Shot Blocked by Trey Fix-Wolansky.
8:40 of 1st period - Shot by Gerry Mayhew.
8:40 of 1st period - The goal is going for a video replay.
8:40 of 1st period - The goal is good.
8:40 of 1st period - Goal by Gerry Mayhew - Roadrunners : 1 - Senators : 3.
8:41 of 1st period - Peter Abbandonato wins face-off versus Oskar Steen in neutral zone.
8:45 of 1st period - Greg McKegg is hit by Dmitri Samorukov and loses puck.
8:55 of 1st period - Off-side.
8:56 of 1st period - Seth Griffith wins face-off versus Joona Koppanen in neutral zone.
9:12 of 1st period - Hunter Drew is hit by Dakota Mermis and loses puck.
9:13 of 1st period - Minor Penalty to William Villeneuve for Slashing.
9:14 of 1st period - Trey Fix-Wolansky wins face-off versus Greg McKegg in Senators zone.
9:15 of 1st period - Shot by Lane Pederson.
9:15 of 1st period - Stopped by Alexei Kolosov without a rebound.
9:16 of 1st period - Lane Pederson wins face-off versus Mathieu Olivier in Senators zone.
9:25 of 1st period - Shot by Trey Fix-Wolansky.
9:25 of 1st period - Shot Misses the Net.
9:27 of 1st period - Shot by Philip Kemp.
9:27 of 1st period - Shot Misses the Net.
9:29 of 1st period - Shot by Lane Pederson.
9:29 of 1st period - Stopped by Alexei Kolosov without a rebound.
9:30 of 1st period - Greg McKegg wins face-off versus Oskar Steen in Senators zone.
9:30 of 1st period - Greg McKegg is hit by Oskar Steen.
10:04 of 1st period - Shot by Clark Bishop.
10:04 of 1st period - Shot Misses the Net.
10:11 of 1st period - Icing by Oskar Steen.
10:12 of 1st period - Greg McKegg wins face-off versus Oskar Steen in Roadrunners zone.
10:48 of 1st period - Shot by Milan Lucic.
10:48 of 1st period - Shot Misses the Net.
12:06 of 1st period - Gavin White is hit by Greg McKegg and loses puck.
12:10 of 1st period - Icing by Gavin White.
12:11 of 1st period - Cal O'Reilly wins face-off versus Joona Koppanen in Roadrunners zone.
12:12 of 1st period - Shot by Milan Lucic.
12:12 of 1st period - Stopped by Brandon Halverson with a rebound.
12:14 of 1st period - Shot by Tyler Spezia.
12:14 of 1st period - Shot Misses the Net.
12:16 of 1st period - Shot by Cal O'Reilly.
12:16 of 1st period - Stopped by Brandon Halverson without a rebound.
12:17 of 1st period - Seth Griffith wins face-off versus Joona Koppanen in Roadrunners zone.
12:28 of 1st period - Shot by Mathieu Olivier.
12:28 of 1st period - Shot Misses the Net.
12:33 of 1st period - Cameron Hebig is hit by Gavin White and loses puck.
12:34 of 1st period - Minor Penalty to Gavin White for Cross-checking.
12:35 of 1st period - Jeff Malott wins face-off versus Peter Abbandonato in Roadrunners zone.
12:57 of 1st period - Icing by Tye Felhaber.
12:58 of 1st period - Peter Abbandonato wins face-off versus Jeff Malott in Senators zone.
12:58 of 1st period - Peter Abbandonato is hit by Lane Pederson.
13:03 of 1st period - Dakota Mermis is hit by Jack Ahcan and loses puck.
13:10 of 1st period - Shot by Givani Smith.
13:10 of 1st period - Stopped by Brandon Halverson without a rebound.
13:11 of 1st period - Seth Griffith wins face-off versus Jeff Malott in Roadrunners zone.
13:12 of 1st period - Shot by Mathieu Olivier.
13:12 of 1st period - Shot Misses the Net.
13:14 of 1st period - Shot by Gerry Mayhew.
13:14 of 1st period - Shot Misses the Net.
13:16 of 1st period - Shot by Mathieu Olivier.
13:16 of 1st period - Stopped by Brandon Halverson without a rebound.
13:17 of 1st period - Seth Griffith wins face-off versus Jeff Malott in Roadrunners zone.
14:07 of 1st period - Shot by Dakota Mermis.
14:07 of 1st period - Shot Blocked by Jack Ahcan.
14:40 of 1st period - Off-side.
14:41 of 1st period - Cal O'Reilly wins face-off versus Jared Davidson in neutral zone.
14:54 of 1st period - Roland McKeown is hit by Jared Davidson and loses puck.
15:17 of 1st period - Dylan Coghlan is hit by Riley Stillman.
15:44 of 1st period - Joona Koppanen is hit by Logan Day and loses puck.
15:53 of 1st period - Shot by Maksymilian Szuber.
15:53 of 1st period - Stopped by Alexei Kolosov with a rebound.
15:56 of 1st period - Mathieu Olivier beats up Hunter Drew.
15:56 of 1st period - Penalty to Mathieu Olivier for Fighting.
15:56 of 1st period - Penalty to Hunter Drew for Fighting.
15:57 of 1st period - Graeme Clarke wins face-off versus Oskar Steen in Senators zone.
16:04 of 1st period - Tye Felhaber is hit by Clark Bishop and loses puck.
16:12 of 1st period - Icing by Dakota Mermis.
16:13 of 1st period - Graeme Clarke wins face-off versus Lane Pederson in Senators zone.
16:26 of 1st period - Shot by Trey Fix-Wolansky.
16:26 of 1st period - Stopped by Alexei Kolosov without a rebound.
16:27 of 1st period - Joona Koppanen wins face-off versus Seth Griffith in Senators zone.
16:27 of 1st period - Joona Koppanen is hit by Logan Day.
16:34 of 1st period - Minor Penalty to Jack Ahcan for Hooking.
16:35 of 1st period - Jeff Malott wins face-off versus Peter Abbandonato in Roadrunners zone.
16:35 of 1st period - Lane Pederson is hit by Givani Smith and loses puck.
16:40 of 1st period - Shot by Givani Smith.
16:40 of 1st period - Stopped by Brandon Halverson without a rebound.
16:41 of 1st period - Jeff Malott wins face-off versus Seth Griffith in Roadrunners zone.
16:41 of 1st period - Jeff Malott is hit by Seth Griffith.
17:01 of 1st period - Shot by Graeme Clarke.
17:01 of 1st period - Stopped by Brandon Halverson without a rebound.
17:02 of 1st period - Jeff Malott wins face-off versus Peter Abbandonato in Roadrunners zone.
17:02 of 1st period - Jeff Malott is hit by Givani Smith.
17:11 of 1st period - Off-side.
17:12 of 1st period - Seth Griffith wins face-off versus Jeff Malott in neutral zone.
17:42 of 1st period - Icing by Dakota Mermis.
17:43 of 1st period - Jeff Malott wins face-off versus Seth Griffith in Senators zone.
17:48 of 1st period - Shot by Lane Pederson.
17:48 of 1st period - Deflect By Jeff Malott.
17:48 of 1st period - Stopped by Alexei Kolosov without a rebound.
17:49 of 1st period - Peter Abbandonato wins face-off versus Jeff Malott in Senators zone.
18:18 of 1st period - Shot by Tye Felhaber.
18:18 of 1st period - Shot Blocked by Dylan Coghlan.
18:20 of 1st period - Shot by Jon Merrill.
18:20 of 1st period - Stopped by Brandon Halverson with a rebound.
18:43 of 1st period - Shot by Roman Ahcan.
18:43 of 1st period - Goal by Roman Ahcan - Roadrunners : 2 - Senators : 3.
18:44 of 1st period - Cal O'Reilly wins face-off versus Oskar Steen in neutral zone.
18:46 of 1st period - Off-side.
18:47 of 1st period - Cal O'Reilly wins face-off versus Oskar Steen in neutral zone.
18:47 of 1st period - Cal O'Reilly is hit by Clark Bishop.
19:07 of 1st period - Shot by Milan Lucic.
19:07 of 1st period - Shot Misses the Net.
19:21 of 1st period - Shot by Tyler Spezia.
19:21 of 1st period - Shot Misses the Net.
19:52 of 1st period - Minor Penalty to Dmitri Samorukov for Interference.
19:53 of 1st period - Peter Abbandonato wins face-off versus Lane Pederson in Roadrunners zone.
Goals for this period are 2 for Roadrunners vs 3 for Senators.
Shots for this period are 9 for Roadrunners vs 19 for Senators.

2nd period


0:01 of 2nd period - Lane Pederson wins face-off versus Peter Abbandonato in neutral zone.
0:07 of 2nd period - Icing by Logan Day.
0:08 of 2nd period - Peter Abbandonato wins face-off versus Jared Davidson in Senators zone.
0:30 of 2nd period - Shot by Givani Smith.
0:30 of 2nd period - Stopped by Brandon Halverson with a rebound.
1:17 of 2nd period - Jack Ahcan is hit by Mathieu Olivier and loses puck.
1:28 of 2nd period - Shot by Graeme Clarke.
1:28 of 2nd period - Shot Misses the Net.
1:44 of 2nd period - Shot by Cameron Hebig.
1:44 of 2nd period - Shot Blocked by Jack Ahcan.
1:46 of 2nd period - Shot by Cameron Hebig.
1:46 of 2nd period - Stopped by Brandon Halverson without a rebound.
1:47 of 2nd period - Trey Fix-Wolansky wins face-off versus Givani Smith in Roadrunners zone.
2:00 of 2nd period - Gavin White is hit by Cal O'Reilly and loses puck.
2:14 of 2nd period - Matthew Maggio is hit by Riley Stillman and loses puck.
2:29 of 2nd period - Shot by Tyler Spezia.
2:29 of 2nd period - Stopped by Brandon Halverson without a rebound.
2:30 of 2nd period - Joona Koppanen wins face-off versus Graeme Clarke in Roadrunners zone.
2:30 of 2nd period - Joona Koppanen is hit by Graeme Clarke.
2:42 of 2nd period - Hunter Drew is hit by Gerry Mayhew and loses puck.
2:43 of 2nd period - Minor Penalty to Tye Felhaber for Cross-checking.
2:44 of 2nd period - Lane Pederson wins face-off versus Mathieu Olivier in Senators zone.
3:11 of 2nd period - Off-side.
3:12 of 2nd period - Oskar Steen wins face-off versus Greg McKegg in neutral zone.
3:15 of 2nd period - Shot by Clark Bishop.
3:15 of 2nd period - Shot Misses the Net.
3:17 of 2nd period - Shot by Dylan Coghlan.
3:17 of 2nd period - Stopped by Alexei Kolosov with a rebound.
3:19 of 2nd period - Shot by Clark Bishop.
3:19 of 2nd period - Stopped by Alexei Kolosov with a rebound.
3:37 of 2nd period - Shot by Dylan Coghlan.
3:37 of 2nd period - Goal by Dylan Coghlan - Roadrunners : 3 - Senators : 3.
3:38 of 2nd period - Graeme Clarke wins face-off versus Joona Koppanen in neutral zone.
4:07 of 2nd period - Hunter Drew is hit by Graeme Clarke and loses puck.
4:31 of 2nd period - Icing by Graeme Clarke.
4:32 of 2nd period - Lane Pederson wins face-off versus Tye Felhaber in Senators zone.
4:35 of 2nd period - Shot by Jeff Malott.
4:35 of 2nd period - Shot Misses the Net.
4:45 of 2nd period - Shot by Trey Fix-Wolansky.
4:45 of 2nd period - Shot Blocked by Riley Stillman.
5:29 of 2nd period - Shot by Gavin White.
5:29 of 2nd period - Shot Misses the Net.
5:31 of 2nd period - Shot by Maksymilian Szuber.
5:31 of 2nd period - Shot Misses the Net.
5:33 of 2nd period - Shot by Clark Bishop.
5:33 of 2nd period - Shot Misses the Net.
5:42 of 2nd period - Shot by Oskar Steen.
5:42 of 2nd period - Stopped by Alexei Kolosov without a rebound.
5:43 of 2nd period - Seth Griffith wins face-off versus Joona Koppanen in Senators zone.
5:43 of 2nd period - Seth Griffith is hit by Joona Koppanen.
5:48 of 2nd period - Minor Penalty to Hunter Drew for High sticking.
5:49 of 2nd period - Seth Griffith wins face-off versus Jeff Malott in Roadrunners zone.
5:50 of 2nd period - Shot by Graeme Clarke.
5:50 of 2nd period - Shot Misses the Net.
6:04 of 2nd period - Shot by Graeme Clarke.
6:04 of 2nd period - Shot Blocked by Dmitri Samorukov.
6:10 of 2nd period - Shot by Graeme Clarke.
6:10 of 2nd period - Stopped by Brandon Halverson without a rebound.
6:11 of 2nd period - Peter Abbandonato wins face-off versus Trey Fix-Wolansky in Roadrunners zone.
6:12 of 2nd period - Shot by Jon Merrill.
6:12 of 2nd period - Stopped by Brandon Halverson without a rebound.
6:13 of 2nd period - Peter Abbandonato wins face-off versus Trey Fix-Wolansky in Roadrunners zone.
6:22 of 2nd period - Shot by Jon Merrill.
6:22 of 2nd period - Shot Blocked by Trey Fix-Wolansky.
6:24 of 2nd period - Shot by Peter Abbandonato.
6:24 of 2nd period - Shot Blocked by Oskar Steen.
6:26 of 2nd period - Shot by Jon Merrill.
6:26 of 2nd period - Shot Blocked by Trey Fix-Wolansky.
6:37 of 2nd period - Shot by Givani Smith.
6:37 of 2nd period - Stopped by Brandon Halverson without a rebound.
6:38 of 2nd period - Seth Griffith wins face-off versus Jeff Malott in Roadrunners zone.
6:39 of 2nd period - Shot by Dakota Mermis.
6:39 of 2nd period - Stopped by Brandon Halverson without a rebound.
6:40 of 2nd period - Lane Pederson wins face-off versus Seth Griffith in Roadrunners zone.
6:40 of 2nd period - Lane Pederson is hit by Mathieu Olivier.
7:13 of 2nd period - Seth Griffith is hit by Dylan Coghlan and loses puck.
10:04 of 2nd period - Shot by Peter Abbandonato.
10:04 of 2nd period - Deflect By Givani Smith.
10:04 of 2nd period - Stopped by Brandon Halverson with a rebound.
10:06 of 2nd period - Shot by Givani Smith.
10:06 of 2nd period - Shot Misses the Net.
10:10 of 2nd period - Shot by Givani Smith.
10:10 of 2nd period - Stopped by Brandon Halverson without a rebound.
10:11 of 2nd period - Jared Davidson wins face-off versus Graeme Clarke in Roadrunners zone.
10:19 of 2nd period - Graeme Clarke is hit by Dylan Coghlan and loses puck.
10:57 of 2nd period - Icing by Riley Stillman.
10:58 of 2nd period - Graeme Clarke wins face-off versus Joona Koppanen in Senators zone.
11:15 of 2nd period - Shot by Roman Ahcan.
11:15 of 2nd period - Shot Blocked by Jon Merrill.
11:19 of 2nd period - Shot by Joona Koppanen.
11:19 of 2nd period - Stopped by Alexei Kolosov without a rebound.
11:20 of 2nd period - Oskar Steen wins face-off versus Peter Abbandonato in Senators zone.
11:20 of 2nd period - Oskar Steen is hit by Jon Merrill.
11:44 of 2nd period - Shot by Greg McKegg.
11:44 of 2nd period - Stopped by Brandon Halverson without a rebound.
11:45 of 2nd period - Lane Pederson wins face-off versus Seth Griffith in Roadrunners zone.
12:10 of 2nd period - Shot by Mathieu Olivier.
12:10 of 2nd period - Shot Misses the Net.
12:27 of 2nd period - Icing by William Villeneuve.
12:28 of 2nd period - Seth Griffith wins face-off versus Roman Ahcan in Senators zone.
13:12 of 2nd period - Icing by Jon Merrill.
13:13 of 2nd period - Graeme Clarke wins face-off versus Oskar Steen in Senators zone.
14:12 of 2nd period - Shot by Trey Fix-Wolansky.
14:12 of 2nd period - Shot Misses the Net.
14:14 of 2nd period - Shot by Lane Pederson.
14:14 of 2nd period - Shot Blocked by Riley Stillman.
14:15 of 2nd period - Minor Penalty to Riley Stillman for Hooking.
14:16 of 2nd period - Graeme Clarke wins face-off versus Lane Pederson in Senators zone.
14:24 of 2nd period - Icing by Jeff Malott.
14:25 of 2nd period - Greg McKegg wins face-off versus Lane Pederson in Roadrunners zone.
14:26 of 2nd period - Shot by Mathieu Olivier.
14:26 of 2nd period - Stopped by Brandon Halverson without a rebound.
14:27 of 2nd period - Lane Pederson wins face-off versus Greg McKegg in Roadrunners zone.
14:32 of 2nd period - Mathieu Olivier is hit by Jeff Malott and loses puck.
14:44 of 2nd period - Icing by Trey Fix-Wolansky.
14:45 of 2nd period - Lane Pederson wins face-off versus Greg McKegg in Roadrunners zone.
14:47 of 2nd period - Icing by Trey Fix-Wolansky.
14:48 of 2nd period - Lane Pederson wins face-off versus Greg McKegg in Roadrunners zone.
15:41 of 2nd period - Shot by Jack Ahcan.
15:41 of 2nd period - Stopped by Alexei Kolosov without a rebound.
15:42 of 2nd period - Graeme Clarke wins face-off versus Oskar Steen in Senators zone.
15:55 of 2nd period - Shot by Clark Bishop.
15:55 of 2nd period - Deflect By Matthew Maggio.
15:55 of 2nd period - Goal by Matthew Maggio - Roadrunners : 4 - Senators : 3.
15:56 of 2nd period - Graeme Clarke wins face-off versus Joona Koppanen in neutral zone.
15:56 of 2nd period - Graeme Clarke is hit by Hunter Drew.
16:06 of 2nd period - Shot by Graeme Clarke.
16:06 of 2nd period - Shot Misses the Net.
16:32 of 2nd period - Shot by Gerry Mayhew.
16:32 of 2nd period - Shot Blocked by Maksymilian Szuber.
16:37 of 2nd period - Minor Penalty to Cal O'Reilly for Roughing.
16:38 of 2nd period - Lane Pederson wins face-off versus Greg McKegg in Senators zone.
16:47 of 2nd period - Trey Fix-Wolansky is hit by Roland McKeown.
16:56 of 2nd period - Shot by Dylan Coghlan.
16:56 of 2nd period - Stopped by Alexei Kolosov without a rebound.
16:57 of 2nd period - Greg McKegg wins face-off versus Oskar Steen in Senators zone.
16:57 of 2nd period - Greg McKegg is hit by Matthew Maggio.
17:20 of 2nd period - Shot by Jack Ahcan.
17:20 of 2nd period - Shot Misses the Net.
17:22 of 2nd period - Shot by Oskar Steen.
17:22 of 2nd period - Goal by Oskar Steen - Roadrunners : 5 - Senators : 3.
17:22 of 2nd period - Pavel Cajan enters game.
17:23 of 2nd period - Jared Davidson wins face-off versus Tyler Spezia in neutral zone.
17:51 of 2nd period - Cal O'Reilly is hit by Jared Davidson and loses puck.
17:58 of 2nd period - Shot by Max Ellis.
17:58 of 2nd period - Shot Misses the Net.
19:15 of 2nd period - Shot by Mathieu Olivier.
19:15 of 2nd period - Shot Misses the Net.
19:17 of 2nd period - Shot by Jon Merrill.
19:17 of 2nd period - Stopped by Brandon Halverson without a rebound.
19:18 of 2nd period - Givani Smith wins face-off versus Oskar Steen in Roadrunners zone.
19:18 of 2nd period - Givani Smith is hit by Gavin White.
19:33 of 2nd period - Givani Smith is hit by Gavin White and loses puck.
Goals for this period are 3 for Roadrunners vs 0 for Senators.
Shots for this period are 9 for Roadrunners vs 12 for Senators.

3rd period


0:01 of 3rd period - Seth Griffith wins face-off versus Lane Pederson in neutral zone.
0:12 of 3rd period - Shot by Trey Fix-Wolansky.
0:12 of 3rd period - Deflect By Lane Pederson.
0:12 of 3rd period - Stopped by Pavel Cajan without a rebound.
0:13 of 3rd period - Peter Abbandonato wins face-off versus Oskar Steen in Senators zone.
0:20 of 3rd period - Icing by Matthew Maggio.
0:21 of 3rd period - Oskar Steen wins face-off versus Seth Griffith in Roadrunners zone.
0:39 of 3rd period - Seth Griffith is hit by Jack Ahcan and loses puck.
0:54 of 3rd period - Shot by Seth Griffith.
0:54 of 3rd period - Deflect By Mathieu Olivier.
0:54 of 3rd period - Stopped by Brandon Halverson with a rebound.
0:56 of 3rd period - Shot by Mathieu Olivier.
0:56 of 3rd period - Shot Misses the Net.
0:58 of 3rd period - Shot by Seth Griffith.
0:58 of 3rd period - Stopped by Brandon Halverson with a rebound.
1:36 of 3rd period - Lane Pederson is hit by Tye Felhaber and loses puck.
1:43 of 3rd period - Shot by Dylan Coghlan.
1:43 of 3rd period - Stopped by Pavel Cajan with a rebound.
1:54 of 3rd period - Icing by Tye Felhaber.
1:55 of 3rd period - Joona Koppanen wins face-off versus Graeme Clarke in Senators zone.
1:56 of 3rd period - Shot by Maksymilian Szuber.
1:56 of 3rd period - Shot Blocked by Jon Merrill.
1:58 of 3rd period - Shot by Hunter Drew.
1:58 of 3rd period - Deflect By Roman Ahcan.
1:58 of 3rd period - Goal by Roman Ahcan - Roadrunners : 6 - Senators : 3.
1:59 of 3rd period - Joona Koppanen wins face-off versus Greg McKegg in neutral zone.
4:09 of 3rd period - Minor Penalty to Tye Felhaber for Cross-checking.
4:10 of 3rd period - Greg McKegg wins face-off versus Trey Fix-Wolansky in Senators zone.
4:45 of 3rd period - Shot by Lane Pederson.
4:45 of 3rd period - Deflect By Trey Fix-Wolansky.
4:45 of 3rd period - Shot Blocked by William Villeneuve.
4:55 of 3rd period - Lane Pederson is hit by Mathieu Olivier and loses puck.
5:02 of 3rd period - Shot by Mathieu Olivier.
5:02 of 3rd period - Shot Misses the Net.
6:17 of 3rd period - Shot by Tye Felhaber.
6:17 of 3rd period - Shot Blocked by Dmitri Samorukov.
6:57 of 3rd period - Shot by Oskar Steen.
6:57 of 3rd period - Shot Misses the Net.
7:03 of 3rd period - Shot by Givani Smith.
7:03 of 3rd period - Shot Blocked by Max Ellis.
7:05 of 3rd period - Shot by Peter Abbandonato.
7:05 of 3rd period - Stopped by Brandon Halverson without a rebound.
7:06 of 3rd period - Seth Griffith wins face-off versus Oskar Steen in Roadrunners zone.
7:47 of 3rd period - Clark Bishop is hit by Mathieu Olivier and loses puck.
8:01 of 3rd period - Icing by Tyler Spezia.
8:02 of 3rd period - Cal O'Reilly wins face-off versus Joona Koppanen in Senators zone.
8:02 of 3rd period - William Villeneuve is hit by Hunter Drew and loses puck.
8:15 of 3rd period - Shot by Cal O'Reilly.
8:15 of 3rd period - Shot Misses the Net.
8:17 of 3rd period - Shot by Milan Lucic.
8:17 of 3rd period - Shot Misses the Net.
8:19 of 3rd period - Shot by Dakota Mermis.
8:19 of 3rd period - Shot Misses the Net.
8:21 of 3rd period - Shot by Dakota Mermis.
8:21 of 3rd period - Shot Misses the Net.
8:23 of 3rd period - Shot by Dakota Mermis.
8:23 of 3rd period - Stopped by Brandon Halverson with a rebound.
8:31 of 3rd period - Shot by Tyler Spezia.
8:31 of 3rd period - Stopped by Brandon Halverson without a rebound.
8:32 of 3rd period - Lane Pederson wins face-off versus Peter Abbandonato in Roadrunners zone.
8:47 of 3rd period - Shot by Jeff Malott.
8:47 of 3rd period - Shot Hit the Post.
9:18 of 3rd period - Jon Merrill is hit by Roman Ahcan and loses puck.
9:36 of 3rd period - Gerry Mayhew is hit by Dmitri Samorukov and loses puck.
10:06 of 3rd period - Milan Lucic beats up Hunter Drew.
10:06 of 3rd period - Penalty to Milan Lucic for Fighting.
10:06 of 3rd period - Penalty to Hunter Drew for Fighting.
10:07 of 3rd period - Max Ellis wins face-off versus Seth Griffith in Roadrunners zone.
10:07 of 3rd period - Max Ellis is hit by Mathieu Olivier.
11:21 of 3rd period - Icing by Cal O'Reilly.
11:22 of 3rd period - Lane Pederson wins face-off versus Cal O'Reilly in Senators zone.
12:21 of 3rd period - Shot by Givani Smith.
12:21 of 3rd period - Deflect By Peter Abbandonato.
12:21 of 3rd period - Shot Misses the Net.
12:33 of 3rd period - Oskar Steen is hit by Givani Smith and loses puck.
13:10 of 3rd period - Shot by Mathieu Olivier.
13:10 of 3rd period - Shot Misses the Net.
13:41 of 3rd period - Roman Ahcan is hit by Tye Felhaber and loses puck.
14:02 of 3rd period - Shot by Gerry Mayhew.
14:02 of 3rd period - Stopped by Brandon Halverson without a rebound.
14:03 of 3rd period - Lane Pederson wins face-off versus Tyler Spezia in Roadrunners zone.
14:03 of 3rd period - Lane Pederson is hit by Seth Griffith.
14:49 of 3rd period - Shot by Givani Smith.
14:49 of 3rd period - Deflect By Greg McKegg.
14:49 of 3rd period - Shot Misses the Net.
15:01 of 3rd period - Shot by Peter Abbandonato.
15:01 of 3rd period - Stopped by Brandon Halverson without a rebound.
15:02 of 3rd period - Graeme Clarke wins face-off versus Joona Koppanen in Roadrunners zone.
15:05 of 3rd period - Shot by Tye Felhaber.
15:05 of 3rd period - Stopped by Brandon Halverson with a rebound.
15:14 of 3rd period - Graeme Clarke is hit by Philip Kemp and loses puck.
15:28 of 3rd period - Samuel Asselin is hit by Riley Stillman and loses puck.
16:17 of 3rd period - Shot by Tyler Spezia.
16:17 of 3rd period - Shot Blocked by Jack Ahcan.
16:19 of 3rd period - Shot by Jon Merrill.
16:19 of 3rd period - Stopped by Brandon Halverson without a rebound.
16:20 of 3rd period - Jared Davidson wins face-off versus Seth Griffith in Roadrunners zone.
16:27 of 3rd period - Shot by Mathieu Olivier.
16:27 of 3rd period - Stopped by Brandon Halverson without a rebound.
16:28 of 3rd period - Seth Griffith wins face-off versus Jared Davidson in Roadrunners zone.
16:38 of 3rd period - Minor Penalty to Mathieu Olivier for Interference.
16:39 of 3rd period - Greg McKegg wins face-off versus Lane Pederson in Senators zone.
16:39 of 3rd period - Greg McKegg is hit by Jeff Malott.
17:06 of 3rd period - Shot by Lane Pederson.
17:06 of 3rd period - Shot Blocked by Greg McKegg.
17:08 of 3rd period - Shot by Jack Ahcan.
17:08 of 3rd period - Shot Blocked by Logan Day.
17:10 of 3rd period - Shot by Dmitri Samorukov.
17:10 of 3rd period - Stopped by Pavel Cajan without a rebound.
17:11 of 3rd period - Greg McKegg wins face-off versus Oskar Steen in Senators zone.
17:11 of 3rd period - Greg McKegg is hit by Matthew Maggio.
17:27 of 3rd period - Shot by Dylan Coghlan.
17:27 of 3rd period - Shot Blocked by Roland McKeown.
17:29 of 3rd period - Shot by Matthew Maggio.
17:29 of 3rd period - Stopped by Pavel Cajan without a rebound.
17:30 of 3rd period - Lane Pederson wins face-off versus Greg McKegg in Senators zone.
17:40 of 3rd period - Shot by Trey Fix-Wolansky.
17:40 of 3rd period - Stopped by Pavel Cajan without a rebound.
17:41 of 3rd period - Oskar Steen wins face-off versus Greg McKegg in Senators zone.
17:42 of 3rd period - Shot by Philip Kemp.
17:42 of 3rd period - Stopped by Pavel Cajan with a rebound.
17:56 of 3rd period - Graeme Clarke is hit by Matthew Maggio and loses puck.
18:30 of 3rd period - Shot by Jack Ahcan.
18:30 of 3rd period - Stopped by Pavel Cajan with a rebound.
18:39 of 3rd period - Icing by Jack Ahcan.
18:40 of 3rd period - Cal O'Reilly wins face-off versus Joona Koppanen in Roadrunners zone.
18:46 of 3rd period - Icing by Maksymilian Szuber.
18:47 of 3rd period - Cameron Hebig wins face-off versus Joona Koppanen in Roadrunners zone.
19:00 of 3rd period - Shot by Cameron Hebig.
19:00 of 3rd period - Stopped by Brandon Halverson without a rebound.
19:01 of 3rd period - Cal O'Reilly wins face-off versus Jared Davidson in Roadrunners zone.
Goals for this period are 1 for Roadrunners vs 0 for Senators.
Shots for this period are 8 for Roadrunners vs 11 for Senators.